[Event "87th Spanish Championship 2022"]
[Site "Linares"]
[Date "2022.08.17"]
[Round "8.15"]
[White "Lin, Yingrui"]
[Black "Macias Pino, Diego"]
[Result "1-0"]
[ECO "A20"]
[WhiteElo "2314"]
[BlackElo "2355"]
[Annotator "TA"]
[PlyCount "127"]
[EventDate "2022.08.11"]
[EventType "swiss"]
[EventCountry "ESP"]
[SourceTitle "playchess.com"]
[Source "ChessBase"]
[SourceQuality "1"]
[TimeControl "5400+30"]

1. c4 e5 2. g3 d6 3. Bg2 f5 4. d4 Be7 5. Nc3 Nf6 6. e3 O-O 7. Nge2 c6 {[%emt 0:00:53] A21: English Opening: 1...e5 2 Nc3.} 8. O-O Qe8 9. c5 d5 (9... e4 $11) 10. dxe5 $14 Nfd7 11. f4 Nxc5 12. Nd4 {[%emt 0:05:23] [#]} (12. b4 $5 Ne6 13. b5 $14) 12... a5 $146 ({Predecessor:} 12... Nba6 13. a3 Nc7 14. b4 N5e6 15. Qd3 g6 16. Bd2 Qf7 17. Rfc1 Rd8 18. Na4 Qf8 {½-½ (46) Kaspret,G (2318)-Sirnik,B (2156) Ljubljana 2001}) 13. b3 Kh8 14. Bb2 Nbd7 15. Qc2 Nb6 16. Rae1 (16. Ba3 $16) 16... h5 17. Bf3 {[%emt 0:03:17] White is more active.} Ne4 18. Qe2 g6 19. Bxe4 (19. a4 $14) 19... fxe4 (19... dxe4 $11 {keeps the balance.} 20. Qc2 Kh7) 20. e6 $36 {[%emt 0:03:49][%cal Od4b5][%mdl 2048] White is on the roll. White leaves nothing to chance now.} Bf6 $2 {[%emt 0:01:30] [#]} (20... Kh7 $16 {keeps fighting.}) 21. f5 $1 $18 {[%emt 0:00:08] Black must now prevent fxg6.} Bxd4 22. Na4 (22. exd4 gxf5 23. Ba3 Rf6 $11) (22. fxg6 $142 Rxf1+ 23. Rxf1 Qxg6 24. Na4) 22... Nxa4 23. Bxd4+ Kh7 $2 {[%emt 0:02:39] [#]} (23... Kg8) 24. fxg6+ $1 (24. bxa4 Rxf5 25. Rb1 (25. Rxf5 gxf5 26. Ba1 d4 $11) 25... Rxf1+ 26. Qxf1 Qe7 $14) 24... Kxg6 25. Rxf8 ({Weaker is} 25. bxa4 Bxe6 26. Rxf8 Qxf8 $18) 25... Qxf8 26. Rf1 Qe7 (26... Bxe6 $142 27. Rxf8 Rxf8) 27. Rf6+ ({Not} 27. bxa4 Bxe6 28. Rf6+ Qxf6 29. Bxf6 Kxf6 30. Qxh5 Rf8 31. Qh6+ Ke7 32. Qg7+ Rf7 $18) (27. Rf7 $142 Qxf7 28. exf7) 27... Qxf6 28. Bxf6 {[%emt 0:00:01] Dancing on a razor blade.} Kxf6 29. bxa4 Bxe6 {[%emt 0:01:10][%mdl 4096] Endgame KQ-KRB} 30. Qb2+ Kf5 31. Qxb7 Rc8 32. Qg7 Rg8 33. Qc7 Rc8 34. Qe7 c5 35. Qg7 {[%emt 0:01:33] Against d4. aiming for h3.} c4 $2 (35... Rg8 36. Qh6 Bf7 37. Qf4+ Ke6) 36. h3 Bg8 37. g4+ Ke6 38. gxh5 {[%emt 0:00:46] Intending Qg4+ and mate.} Kd6 39. Qc3 Be6 40. h6 {[%emt 0:00:23] And now h7 would win.} Rc7 41. Kh2 Rh7 42. Qf6 c3 43. Qxc3 Rxh6 44. Qxa5 {[%emt 0:00:01] Threatens to win with Qd8+.} Rxh3+ 45. Kg2 Rf3 46. Qb6+ Ke5 47. Qd4+ Kd6 48. a5 Bh3+ 49. Kh2 Bf1 50. a4 Bc4 51. a6 {[%emt 0:00:44] Threatening mate with Qb6+.} Bxa6 52. Qb6+ Ke5 53. Qxa6 Rxe3 {[%emt 0:00:01] KQ-KR} 54. a5 Ra3 55. Qa7 Kf4 56. Qf2+ Kg4 57. Qg2+ Kh4 58. Qf2+ Kg4 59. a6 {[%emt 0:00:38] White mates.} e3 60. Qg2+ Kf4 61. Qxd5 e2 62. Qd6+ Kg4 63. Qb4+ Kf5 64. Qb5+ {[%emt 0:00:19] Weighted Error Value: White=0.30/Black=0.56} 1-0

[Event "87th Spanish Championship 2022"]
[Site "Linares"]
[Date "2022.08.17"]
[Round "8.16"]
[White "Fernandez Garcia, Jose Luis"]
[Black "Garcia Martin, Marta"]
[Result "0-1"]
[ECO "B30"]
[WhiteElo "2362"]
[BlackElo "2305"]
[Annotator "TA"]
[PlyCount "79"]
[EventDate "2022.08.11"]
[EventType "swiss"]
[EventCountry "ESP"]
[SourceTitle "playchess.com"]
[Source "ChessBase"]
[SourceQuality "1"]
[TimeControl "5400+30"]

1. e4 c5 2. Nf3 Nc6 3. b4 cxb4 4. d4 g6 5. a3 bxa3 6. d5 {[%emt 0:09:37] B30: Sicilian: 2...Nc6 3 Bb5, lines without ...g6.} Bg7 $1 (6... Qa5+ $2 7. Bd2 Nb4 8. Rxa3 $18) 7. Rxa3 Ne5 {[%emt 0:00:56] [#]} 8. Nxe5 $146 {[%emt 0:00:07] The position is equal.} (8. Bb5 {keeps more tension.} Qc7 9. O-O a6 10. Bf4) ({Predecessor:} 8. Nd4 d6 9. f4 Nd7 10. Bb5 Ngf6 11. e5 dxe5 12. fxe5 Nxd5 13. e6 O-O 14. exd7 Bxd7 15. Bxd7 Qxd7 {0-1 (41) Sznapik,K (2215)-Bojczuk,Z (2325) Warsaw 1993}) 8... Bxe5 9. Nd2 Bg7 10. d6 Nh6 11. Nc4 O-O (11... e6 $11) 12. Rh3 $14 b5 13. Bg5 (13. Bxh6 Bxh6 14. Rxh6 bxc4 15. Bxc4 Bb7 $15) (13. Rxh6 bxc4 14. Bxc4 Bb7 $17) 13... f6 $2 14. Bxh6 $18 Bxh6 15. Rxh6 $2 (15. Qd5+ $18 Kg7 16. Qxa8) 15... bxc4 $15 16. Bxc4+ Kg7 (16... e6 $17 {...Qa5+ is the strong threat.} 17. O-O a5) 17. Qd2 {[%emt 0:00:13] Prevents Qa5.} Bb7 18. Rh3 {[%emt 0:02:10] Qh6+ would kill now.} h5 19. O-O ({But not} 19. Qb4 a5 $1 20. Qd2 (20. Qxb7 Rb8 $11) 20... e6 $17) 19... Rc8 20. Bb3 ({White should try} 20. dxe7 $11 Qxe7 {[#]} 21. Rd3 $1) 20... e5 21. Qe3 Qb6 22. Qxb6 axb6 23. Re3 Rc5 24. h4 f5 25. exf5 Rxf5 26. Ra1 (26. f3 $11) 26... Bc6 $17 27. Rd1 Kf6 28. Rdd3 e4 29. Rd1 Rf4 30. Rd4 Ke5 $36 {[%emt 0:00:25][%mdl 2048] White is under strong pressure.} 31. Rb4 b5 32. Rg3 Rg4 {[%emt 0:00:30] White must now prevent ...Rxg3.} (32... Rxh4 $2 33. Rg5+ Kxd6 34. Rd4+ Bd5 35. Rxg6+ Kc7 36. Rxd5 $18) ({And not} 32... Kxd6 33. Rxg6+ Kc7 34. f3 $17) 33. Rxg4 (33. Rh3 $17) 33... hxg4 $19 34. c4 (34. Kf1 $142) 34... bxc4 ({Not} 34... Kxd6 35. cxb5 Rxb5 36. Rxb5 Bxb5 37. Bf7 $11) 35. Rxc4 (35. Bxc4 Kxd6 36. Ba6) 35... Rxc4 {[%emt 0:00:43] Black is clearly winning.} 36. Bxc4 {[%emt 0:00:02] KB-KB} Bd5 {[%emt 0:00:24] Prevents Bf7.} 37. Be2 Be6 38. Kh2 Kxd6 39. Kg3 Ke5 40. f3 {Black used his chance.  Weighted Error Value: White=0.49/Black=0.17 (very precise)} 0-1

[Event "87th Spanish Championship 2022"]
[Site "Linares"]
[Date "2022.08.17"]
[Round "8.17"]
[White "Del Prado Rodriguez, Xulio"]
[Black "Ladron De Guevara Pinto, Paolo"]
[Result "1-0"]
[ECO "A50"]
[WhiteElo "2282"]
[BlackElo "2444"]
[Annotator "TA"]
[PlyCount "79"]
[EventDate "2022.08.11"]
[EventType "swiss"]
[EventCountry "ESP"]
[SourceTitle "playchess.com"]
[Source "ChessBase"]
[SourceQuality "1"]
[TimeControl "5400+30"]

1. d4 Nf6 2. c4 b6 3. Nc3 Bb7 4. Qc2 d5 5. cxd5 Nxd5 6. e4 Nxc3 {[%emt 0:00:35] A50: Queen's Fianchetto Defence (1 d4 Nf6 2 c4 b6).} 7. bxc3 e6 8. Nf3 Be7 {[%emt 0:00:04] White has an edge.} 9. Bb5+ c6 10. Be2 O-O 11. O-O c5 12. Bf4 {[%emt 0:03:04] [#]} (12. d5 $5) 12... cxd4 $146 ({Predecessor (2):} 12... Nc6 13. Rad1 cxd4 14. Nxd4 Nxd4 15. Rxd4 Qe8 16. Rfd1 Qc6 17. Bf3 Rad8 18. e5 Qc8 19. Bxb7 {½-½ (18) Pinilla Munoz,S (1322)-Borodin,S (1367) LSS email 2012}) 13. cxd4 Nc6 14. Rad1 Nb4 15. Qb1 f5 16. exf5 Rxf5 17. Bg3 Rc8 18. Ne5 (18. Rc1 $14) 18... Nd5 19. Bg4 Nc3 20. Bxf5 Nxb1 (20... exf5 $14 21. Qxf5 Qd5) 21. Bxe6+ $16 Kf8 22. Bxc8 {[%emt 0:00:32] White is more active.} Qxc8 23. Rxb1 Qd8 24. Rbd1 Qd5 {[%emt 0:00:15][%csl Gb7,LRa2,LRg2][%cal Rd5g2] [#]} 25. Nf3 a5 26. Rd2 (26. Ra1 $14) 26... Bb4 {[%emt 0:02:17] A strong pair of Bishops.} 27. Rc2 {[%emt 0:01:52] Threatens to win with Rc7.} g5 $2 {[%emt 0:00:51] [#]} (27... Qf5 $11 {and Black is okay.} 28. Rc7 Bxf3 29. gxf3 Qxf3) 28. h3 $1 $18 {[%emt 0:00:01] Strongly threatening Rc7.} h5 29. Rc7 {[%emt 0:00:31][%cal Oa2a3] aiming for a3!} b5 $2 (29... g4 30. hxg4 hxg4) 30. Rfc1 g4 31. hxg4 hxg4 32. Nh4 Be7 $2 (32... Qe4 33. Kh2 a4) 33. Ng6+ Kf7 34. Nf4 Qe4 35. Bh4 Qxf4 36. Rxe7+ Kf8 37. Rcc7 g3 38. fxg3 Qxd4+ 39. Kh2 Qd5 40. Rxb7 {[%emt 0:00:06] Weighted Error Value: White=0.16 (very precise) /Black=0.60} 1-0

[Event "87th Spanish Championship 2022"]
[Site "Linares"]
[Date "2022.08.17"]
[Round "8.18"]
[White "Esquivias Quintero, Luis Manuel"]
[Black "Bernabeu Lopez, Carlos Javier"]
[Result "0-1"]
[ECO "C84"]
[WhiteElo "2299"]
[BlackElo "2421"]
[Annotator "TA"]
[PlyCount "62"]
[EventDate "2022.08.11"]
[EventType "swiss"]
[EventCountry "ESP"]
[SourceTitle "playchess.com"]
[Source "ChessBase"]
[SourceQuality "1"]
[TimeControl "5400+30"]

1. e4 e5 2. Nf3 Nc6 3. Bb5 a6 4. Ba4 Nf6 5. O-O Be7 6. d3 b5 7. Bb3 d6 8. a4 Bd7 9. Bd2 {[%emt 0:04:28] C84: Closed Ruy Lopez: Unusual White 6th moves.} O-O 10. h3 {[%emt 0:02:52] is recently more successful than 10.axb5.} h6 11. Nc3 {[%emt 0:00:56] White has an edge.} Na5 12. Ba2 b4 {[%emt 0:06:15] [#]} 13. Nd5 $146 ({Predecessor:} 13. Ne2 Rb8 14. Ng3 c5 15. Nh2 Qc7 16. Ng4 c4 17. dxc4 Nxc4 18. Bc1 Be6 19. Qf3 Nxg4 20. hxg4 {½-½ (31) Wojdak,J (2143)-Karolczuk,I (2328) Sypniewo 2022}) 13... Nxd5 14. Bxd5 c6 15. Ba2 Rb8 16. Qe1 c5 17. Bd5 Be6 18. Bxe6 fxe6 19. Qe2 $1 Rb6 20. Be3 Nc6 21. Nd2 Kh7 22. Qg4 Rf6 23. h4 (23. Qh5 $11 {keeps the balance.}) 23... Rg6 $17 24. Qh3 Bxh4 25. Nc4 Rb7 26. Nxd6 Qxd6 27. Qxh4 {[%emt 0:00:30] [#]} Nd4 ({Black should try} 27... b3 $1 $17 28. c3 Qxd3) 28. Bxd4 $15 Qxd4 29. b3 {[%emt 0:02:54] Against c4} Rf7 {[%emt 0:02:48] Threatens to win with ...Rf4.} 30. g3 (30. Rae1 $15) 30... Rf3 $19 31. Kg2 Rgf6 {[%emt 0:00:07] Weighted Error Value: White=0.45/Black=0.05 (flawless)} 0-1

[Event "87th Spanish Championship 2022"]
[Site "Linares"]
[Date "2022.08.17"]
[Round "8.19"]
[White "Luque Saiz, Andres"]
[Black "Garza Marco, Sergio"]
[Result "0-1"]
[ECO "C05"]
[WhiteElo "2289"]
[BlackElo "2408"]
[Annotator "TA"]
[PlyCount "50"]
[EventDate "2022.08.11"]
[EventType "swiss"]
[EventCountry "ESP"]
[SourceTitle "playchess.com"]
[Source "ChessBase"]
[SourceQuality "1"]
[TimeControl "5400+30"]

1. e4 e6 2. d4 d5 3. Nd2 Nf6 4. e5 Nfd7 5. f4 c5 6. Ngf3 Nc6 7. Nb3 {[%emt 0:00:08] C05: French Tarrasch: 3...Nf6 4 e5 Nfd7, 5 f4 and 5 Bd3 sidelines.} c4 8. Nbd2 Qa5 9. c3 {[%emt 0:11:39] The position is equal.} b5 10. b4 Qb6 {[%emt 0:00:06] [#] Hoping for ...a5.} 11. Bb2 $146 ({Predecessor:} 11. Rb1 a5 12. a3 axb4 13. axb4 Ra2 14. Be2 Qa7 15. Nf1 Nb6 16. Ne3 Be7 17. O-O {1-0 (48) Yudin,S (2494)-Sitnikov,A (2405) Cheliabinsk 2019}) 11... a5 12. a3 Be7 13. g3 f5 14. Be2 Ra6 15. h4 Qa7 16. Kf2 Nb6 {[%emt 0:00:56] Prevents a4.} 17. Qc2 Na4 18. Rhb1 (18. Rab1 $15) 18... Bd7 $17 19. Nf1 {[%emt 0:06:11] [#]} O-O $1 ({Much worse is} 19... axb4 $6 20. axb4 O-O 21. Bc1 $11) 20. Bc1 Ra8 {[%emt 0:04:09][%cal Oa4c3] Strongly threatening ...Nxc3! Black is more active.} 21. Bd2 (21. bxa5 $17 Rxa5 22. Ne3) 21... Nb6 $19 {[%emt 0:00:31] And now ...axb4 would win.} 22. bxa5 Nxa5 23. Be3 (23. Be1 $142) 23... Nb3 24. Ra2 Rxa3 25. Rab2 {[%emt 0:00:04] [#]} (25. Rxa3 Qxa3 26. N1d2) 25... Na4 {[%emt 0:03:17] Weighted Error Value: White=0.45/Black=0.02 (flawless)} 0-1

[Event "87th Spanish Championship 2022"]
[Site "Linares"]
[Date "2022.08.17"]
[Round "8.22"]
[White "Lopez Varela, Pablo"]
[Black "Gomez Dieguez, David"]
[Result "1-0"]
[ECO "C58"]
[WhiteElo "2158"]
[BlackElo "2372"]
[Annotator "TA"]
[PlyCount "119"]
[EventDate "2022.08.11"]
[EventType "swiss"]
[EventCountry "ESP"]
[SourceTitle "playchess.com"]
[Source "ChessBase"]
[SourceQuality "1"]
[TimeControl "5400+30"]

1. e4 e5 2. Nf3 Nc6 3. Bc4 Nf6 4. Ng5 d5 5. exd5 Na5 6. Bb5+ c6 7. dxc6 bxc6 8. Bd3 Nd5 {[%emt 0:00:04] C58: Two Knights: 4 Ng5 d5 5 exd5 Na5 sidelines.} 9. Nf3 (9. Qh5 g6 10. Nxf7 gxh5 $17) (9. h4 {keeps more tension.} Nf4 10. Bf1 Bc5 11. d3) 9... Bd6 10. O-O O-O {[%emt 0:00:37] White has an edge.} 11. Re1 f5 12. Nxe5 Qf6 $1 (12... Qh4 13. Bf1 $18) 13. Nf3 g5 $1 14. c4 $1 {[%emt 0:00:03][%cal Bc2c4,Bc4c5][%mdl 32] 14.c4 scores better than 14.g3.} (14. g3 $5 ) 14... Nf4 15. Bf1 {[%emt 0:00:59] Threatens to win with d4.} g4 16. d4 {[%emt 0:00:11] Strongly threatening Ne5.} gxf3 17. Qxf3 Ng6 {[%emt 0:08:34] White leaves nothing to chance now.} ({Don't do} 17... Qxd4 18. Rd1 Nh3+ 19. gxh3 $16) ({Black should try} 17... Ne6 $1 $11) 18. c5 $16 {[%emt 0:06:38][%mdl 1024] White has strong compensation.} Bc7 19. b4 $1 Nb7 ({Less strong is} 19... Qxd4 20. bxa5 $1 Rb8 21. Bd2 $1 (21. Qc3 Qxc3 22. Nxc3 Bxa5 $17) 21... Rxb1 22. Raxb1 $16 (22. Rexb1 Qxd2 23. Qxc6 Be5 $11)) (19... Be6 $142) 20. Qb3+ $18 {[%emt 0:01:11] [#]} Kh8 $146 ({Predecessor:} 20... Kg7 21. Bb2 f4 22. d5 Be5 23. Rxe5 Nxe5 24. Nd2 Bf5 25. Re1 Rae8 26. Rxe5 Rxe5 {1-0 (36) Vazquez,G (2536)-Gauri,S (2373) Charlotte 2022}) 21. Bb2 Nd8 (21... Rb8 $142 22. d5 Be5 23. Bxe5 Nxe5) 22. d5 Be5 {[%emt 0:04:26] [#]} 23. Rxe5 {[%emt 0:00:46][%mdl 576] Remove Defender, Deflection} Nxe5 24. f4 Kg8 25. fxe5 Qg5 26. Bc4 Re8 27. dxc6+ Kf8 28. c7 Bb7 (28... Ne6 $142 29. Bd5 Nxc7) 29. Qg3 Qxg3 30. hxg3 {[%emt 0:00:07] The board is on fire.} Ne6 31. Bxe6 Rxe6 32. b5 Rc8 33. c6 Bxc6 34. bxc6 {[%emt 0:00:02] Hoping for Ba3+.} Rxc6 35. Nc3 R8xc7 36. Nd5 Rd7 37. Nf4 Ra6 38. e6 Rd2 (38... Rd8 $142 39. Rc1 Ke7) 39. Bf6 Rad6 40. Kh2 Rd1 41. Rxd1 Rxd1 42. e7+ Kf7 {[%emt 0:00:32] [#]} 43. Ne6 $1 Re1 {[%emt 0:02:22] [#]} 44. Nc7 $1 Kxf6 (44... Re2 45. e8=Q+) 45. e8=Q {[%emt 0:00:05] White mates.} Rxe8 46. Nxe8+ {[%emt 0:00:10] KN-K3P} Ke5 47. Kh3 Kd4 48. Nd6 a5 49. a4 Kc5 50. Nxf5 {[%emt 0:00:29] KN-KPP} Kb4 51. Nd4 Kxa4 {[%emt 0:00:01] [#]} 52. Nc6 $1 Kb5 {[%emt 0:00:01] [#]} 53. Nxa5 $1 {[%emt 0:00:05] KN-KP} Kc5 (53... Kb6 54. Kh4) 54. Kh4 Kd5 55. Kh5 Ke6 56. g4 Ke5 57. Kh6 Kf4 58. g5 Kg4 59. Nc4 Kf5 {[%emt 0:00:04] [#]} 60. Ne5 $1 {[%emt 0:00:11] Weighted Error Value: White=0.14 (very precise) /Black=0.37} 1-0